 Dungeon Crawl Stone Soup version 0.19-a0-1201-gda63bca (webtiles) character file.

39 inmateoo the Ducker (level 3, -1/17 HPs)
             Began as a Felid Monk on Aug 20, 2016.
             Slain by a giant gecko (4 damage)
             ... on level 2 of the Dungeon.
             The game lasted 00:00:43 (1076 turns).

inmateoo the Ducker (Felid Monk)                    Turns: 1076, Time: 00:00:43

Health: -1/17      AC:  1    Str:  7    XL:     3   Next: 26%
Magic:  4/4        EV: 20    Int: 11    God:
Gold:   64         SH:  0    Dex: 19    Spells: 0 memorised, 2 levels left
                                        Lives:  0   Deaths: 0

rFire  . . .     SeeInvis +       - Unarmed
rCold  . . .     Gourm    .     (armour unavailable)
rNeg   . . .     Faith    .     (shield unavailable)
rPois  .         Spirit   .     (helmet unavailable)
rElec  .         Dismiss  .     (cloak unavailable)
rCorr  .         Reflect  .     (gloves unavailable)
MR     .....     Harm     .     (boots unavailable)
Stlth  +++.......               (no amulet)
                                (no ring)
                                (no ring)

@: quick
A: no armour, no weapons or thrown items, claws 1, fangs 3, see invisible,
carnivore 3, speed 1, shaggy fur 1, slow metabolism 1, sharp paws
a: no special abilities


You were on level 2 of the Dungeon.
You were not hungry.

You visited 1 branch of the dungeon, and saw 2 of its levels.

You collected 64 gold pieces.

Inventory:

Scrolls
 b - a scroll of identify {unknown}
 e - a scroll of amnesia {unknown}
 f - a scroll of immolation {unknown}
Potions
 c - a potion of magic {unknown}
 d - a potion of curing {unknown}
Comestibles
 a - a meat ration


   Skills:
 + Level 3.2 Fighting
 + Level 4.4 Dodging
 + Level 3.3 Stealth
 * Level 3.6 Unarmed Combat


You had 2 spell levels left.
You didn't know any spells.

Dungeon Overview and Level Annotations

Branches:
Dungeon (2/15)

Altars:


Innate Abilities, Weirdness & Mutations

You cannot wear armour.
You are incapable of wielding weapons or throwing items.
You have sharp claws.
You have razor-sharp teeth.
You have supernaturally acute eyesight. (SInv)
You are carnivorous and can eat meat at any time.
You cover ground quickly.
You are covered in fur. (AC +1)
You have a slow metabolism.
Your sharp claws are effective at attacking unaware monsters.


Message History

The giant gecko bites you.
You scratch the worm.
You kill the worm!
The giant gecko barely misses you.
You scratch the giant gecko. Your bite misses the giant gecko.
The giant gecko is almost dead.
The giant gecko barely misses you.
You scratch the giant gecko but do no damage.
The giant gecko is almost dead.
The giant gecko misses you. The giant gecko bites you.
* * * LOW HITPOINT WARNING * * *
You are too injured to fight recklessly!
You are too injured to fight recklessly!
You closely miss the giant gecko.
The giant gecko is severely wounded.
The giant gecko closely misses you.
You closely miss the giant gecko.
The giant gecko is severely wounded.
The giant gecko bites you.
You die...

#### ... ###..# #.
#....# #. #....#
.###....# ..# #@..#####
#.# #l....... .# # #.#
#.#.##.## .#
#.##.###.#.# .####
#.........#.
....##.#####.###.#.#.
.##.##.............l..
.##.########..........#
.##.#####..........#.##


You could see a giant gecko.

Vanquished Creatures
  An adder (D:2)
  A worm (D:2)
  A dart slug (D:1)
  2 goblins (D:1)
  6 hobgoblins
  3 jackals (D:1)
  3 kobolds (D:1)
  A bat (D:1)
  2 giant newts
  4 rats (D:1)
24 creatures vanquished.

Vanquished Creatures (others)
  4 toadstools (D:1)
4 creatures vanquished.

Grand Total: 28 creatures vanquished

Notes
Turn   | Place    | Note
-------+----------+-------------------------------------------
     0 | D:1      | inmateoo the Felid Monk began the quest for the Orb.
     0 | D:1      | Reached XP level 1. HP: 10/10 MP: 2/2
   308 | D:1      | Reached XP level 2. HP: 13/14 MP: 3/3
   814 | D:2      | Reached XP level 3. HP: 11/17 MP: 4/4
  1076 | D:2      | Slain by a giant gecko

Vault maps used:
D:1:      ldierk_walled_garden_2, serial_forest, infiniplex_forest_clump_long,
          infiniplex_forest_clump_curved, infiniplex_forest_straight_4,
          infiniplex_forest_zigzag_1, minmay_domino_2
D:2:      nicolae_overflow_hidden_temple

Skill      XL: |  1  2 |
---------------+-------+-----
Stealth        | 3 |  3.3
Fighting       | |  3.2
Dodging        | |  4.4
Unarmed Combat | |  3.6

Action                   || total
-------------------------++-------
Melee: Unarmed           ||    63
       Bite              ||     5
       Punch             ||     2
 Stab: Sleeping          ||     8
Dodge: Dodged            ||    52
